Map: Abyssal Reef LE

Players

lllllllllll (sOs) - Winner!

  • Race: Protoss Protoss
  • League: Grandmaster
  • Spawn Location: 5:00

Dark

  • Race: Zerg Zerg
  • League: Master
  • Spawn Location: 11:00

VOD

Have the link to the VOD?

Description

Time

  • Played on: Dec. 22, 2017, 4:48 a.m.
  • Length: 18:35
Show
View Real Time Build Order
Export as new Build Order

lllllllllll Protoss - Winner!

Build Orders: 1 Gate Expand, Oracle Opening, Phoenix Opening 

Get SALT Encoding   

  12  0:00  Probe  
  13  0:12  Probe  
  14  0:20  Pylon  
  14  0:24  Probe  
  15  0:38  Probe (Chrono Boost)  
  16  0:44  Gateway  
  16  0:47  Probe (Chrono Boost)  
  16  0:49  Assimilator  
  17  0:52  Probe (Chrono Boost)  
  18  1:04  Probe  
  19  1:16  Probe  
  20  1:20  Pylon  
  20  1:28  Probe  
  21  1:35  Nexus  
  21  1:42  Cybernetics Core  
  21  1:45  Probe  
  22  1:51  Assimilator  
  22  1:57  Pylon  
  22  1:59  Probe  
  23  2:15  Probe  
  24  2:18  Stargate  
  24  2:21  Adept  
  26  2:27  Probe (Chrono Boost)  
  26  2:28  Warp Gate  
  28  2:38  Probe (Chrono Boost)  
  28  2:43  Probe (Chrono Boost)  
  28  2:47  Probe  
  28  2:49  Adept  
  32  2:53  Probe  
  33  2:58  Oracle (Chrono Boost)  
  36  3:06  Probe x2  
  36  3:12  Shield Battery  
  38  3:14  Assimilator  
  38  3:19  Probe x2  
  39  3:27  Phoenix (Chrono Boost)  
  39  3:31  Probe x2  
  43  3:35  Pylon  
  43  3:37  Assimilator  
  43  3:45  Oracle  
  46  3:53  Probe x2 (Chrono Boost)  
  48  4:01  Pylon  
  48  4:05  Probe x2 (Chrono Boost)  
  48  4:06  Stargate  
  50  4:10  Probe x2 (Chrono Boost)  
  52  4:21  Probe x2  
  52  4:22  Oracle  
  57  4:30  Pylon  
  57  4:35  Zealot  
  57  4:37  Pylon  
  57  4:38  Probe x2  
  61  4:49  Oracle (Chrono Boost)  
  64  4:56  Oracle (Chrono Boost)  
  67  5:02  Nexus  
  67  5:06  Pylon  
  67  5:12  Probe x2  
  72  5:23  Oracle (Chrono Boost)  
  72  5:27  Stalker, Oracle (Chrono Boost)  
  77  5:33  Probe x2  
  79  5:46  Probe x2  
  76  5:58  Probe x2  
  76  5:59  Twilight Council  
  76  6:00  Forge  
  78  6:04  Sentry  
  78  6:06  Pylon  
  80  6:16  Probe x3 (Chrono Boost)  
  83  6:21  Robotics Facility  
  83  6:22  Nexus  
  83  6:28  Probe x2 (Chrono Boost)  
  83  6:29  Blink, Protoss Ground Weapons Level 1 (Chrono Boost), Probe (Chrono Boost)  
  83  6:30  Sentry  
  88  6:34  Probe x2 (Chrono Boost)  
  88  6:38  Pylon  
  90  6:41  Probe  
  90  6:42  Gateway, Probe  
  90  6:43  Gateway  
  92  6:53  Gateway  
  92  6:54  Gateway  
  92  7:04  Sentry  
  92  7:05  Gateway  
  92  7:06  Probe x3  
  92  7:08  Gateway  
  94  7:18  Pylon, Probe x3  
  97  7:39  Probe  
  97  7:40  Probe x2  
  97  7:41  Gateway  
  97  7:42  Gateway  
  97  7:44  Gateway, Observer (Chrono Boost)  
  101  7:47  Assimilator x2, Gateway  
  101  7:48  Sentry x2  
  101  7:49  Gateway  
  101  7:50  Photon Cannon  
  105  7:52  Gateway, Pylon  
  105  7:56  Warp Prism (Chrono Boost)  
  107  8:01  Pylon  
  107  8:08  Sentry  
  107  8:09  Stalker x3  
  115  8:15  Photon Cannon  
  115  8:17  Nexus  
  115  8:18  Dark Shrine  
  115  8:21  Pylon  
  115  8:23  Protoss Ground Weapons Level 2 (Chrono Boost)  
  115  8:24  Stalker x2  
  119  8:33  Observer  
  120  8:36  Stalker x4  
  120  8:38  Pylon  
  128  8:51  Charge  
  128  8:53  Stalker x2  
  128  8:54  Stalker x4  
  140  8:57  Pylon  
  140  9:01  Warp Prism  
  142  9:07  Stalker x4  
  146  9:27  Stalker x5  
  146  9:28  Stalker x2  
  144  9:40  Stalker x5  
  151  9:52  Stalker x4  
  132  9:54  Probe x3  
  115  10:10  Protoss Ground Weapons Level 3 (Chrono Boost)  
  115  10:20  Robotics Facility, Robotics Bay  
  115  10:23  Zealot x7  
  115  10:24  Zealot x2  
  113  10:50  Zealot x3  
  113  10:51  Zealot x7  
  113  10:55  Sentry x2  
  137  11:00  Nexus  
  137  11:01  Extended Thermal Lance  
  137  11:18  Colossus (Chrono Boost)  
  137  11:19  Colossus (Chrono Boost)  
  149  11:26  Pylon  
  149  11:28  Assimilator  
  149  11:29  Assimilator  
  149  11:37  Zealot x7  
  149  11:38  Zealot x5  
  148  11:41  Zealot x8  
  148  11:44  Pylon, Zealot x2  
  148  11:45  Zealot x2  
  161  12:01  Templar Archives  
  153  12:02  Colossus x2 (Chrono Boost)  
  153  12:04  Zealot x4  
  165  12:11  Zealot x4  
  165  12:12  Zealot  
  151  12:18  Protoss Shields Level 1  
  129  12:39  High Templar x5  
  129  12:40  Zealot x3, High Templar  
  129  12:41  Zealot x3  
  129  12:42  Nexus  
  153  12:46  Archon x2  
  153  12:47  Archon  
  153  12:53  Pylon  
  152  13:04  Zealot x3  
  152  13:05  Zealot x3  
  146  13:08  Immortal (Chrono Boost)  
  146  13:13  Zealot  
  137  13:20  Probe  
  130  13:35  High Templar x4  
  130  13:36  Photon Cannon  
  130  13:37  Probe  
  130  13:39  Photon Cannon  
  130  13:40  Archon  
  139  13:44  Immortal (Chrono Boost), Archon  
  143  13:51  Zealot x5  
  141  14:06  High Templar x3  
  141  14:07  High Templar  
  141  14:08  Stalker x3  
  141  14:09  Probe  
  156  14:12  Archon x2  
  156  14:23  Stalker x5  
  117  14:40  Stalker x7  
  115  14:46  Zealot, Dark Templar  
  115  14:47  Zealot x3  
  119  15:03  Dark Templar x3  
  119  15:04  Zealot x4  
  133  15:20  Zealot x2  
  133  15:21  Zealot  
  132  15:29  Archon  
  132  15:30  Archon  
  132  15:33  Zealot x3, Dark Templar x2  
  117  15:38  Probe  
  108  15:52  Dark Templar x3  
  108  15:53  Dark Templar  
  92  16:00  Zealot x2  
  82  16:12  Dark Templar  
  82  16:13  Dark Templar  
  86  16:22  Archon  
  86  16:33  Archon x3  
  86  16:39  Zealot x3  
  88  16:50  High Templar x2  
  92  17:07  Archon  
  92  17:10  High Templar x2  
  92  17:11  Zealot x7  
  110  17:18  Archon  
  110  17:20  Photon Cannon  
  109  17:33  High Templar x2  
  113  17:39  Archon  
  101  17:54  Immortal  
  105  18:06  Zealot x3  
Show
View Real Time Build Order
Export as new Build Order

Dark Zerg 

Build Orders: Pool First 

Get SALT Encoding   

  12  0:00  Drone  
  13  0:12  Overlord  
  13  0:18  Drone  
  14  0:30  Drone x2  
  14  0:34  Drone  
  17  0:46  Extractor  
  17  0:47  Drone  
  17  0:50  Spawning Pool  
  17  0:56  Drone  
  17  1:09  Drone  
  18  1:20  Drone  
  19  1:29  Drone  
  19  1:30  Hatchery  
  19  1:36  Queen  
  19  1:39  Zergling x2  
  22  1:53  Metabolic Boost  
  22  1:54  Overlord  
  22  2:12  Queen  
  22  2:14  Drone x2  
  26  2:21  Drone  
  27  2:36  Drone  
  28  2:42  Hatchery  
  27  2:47  Drone x2  
  27  2:48  Drone  
  30  2:54  Drone  
  30  2:56  Drone  
  32  3:08  Queen, Overlord  
  32  3:11  Drone x2  
  36  3:17  Spore Crawler  
  36  3:18  Spore Crawler  
  34  3:20  Drone  
  35  3:28  Zergling x2  
  35  3:29  Zergling x4  
  35  3:31  Zergling x2  
  35  3:32  Drone x2  
  41  3:41  Overlord  
  41  3:42  Evolution Chamber, Drone  
  41  3:50  Drone x2  
  41  3:54  Queen  
  41  3:55  Drone x2  
  47  3:57  Drone  
  47  4:02  Overlord  
  48  4:06  Drone x2  
  48  4:07  Baneling Nest  
  49  4:12  Drone x2  
  49  4:16  Overlord  
  50  4:21  Drone x4  
  54  4:27  Drone x3  
  54  4:31  Extractor  
  56  4:34  Spore Crawler  
  56  4:37  Drone  
  56  4:39  Zerg Melee Weapons Level 1, Drone x3  
  56  4:43  Drone  
  60  4:49  Roach Warren  
  60  4:51  Drone x2  
  61  4:59  Drone  
  63  5:00  Drone  
  63  5:01  Overlord  
  63  5:06  Drone x3  
  66  5:09  Overlord, Extractor  
  66  5:10  Overlord x2, Extractor  
  64  5:20  Hatchery  
  63  5:22  Drone x4  
  63  5:26  Overlord  
  63  5:28  Drone x2  
  69  5:31  Spore Crawler  
  69  5:32  Spore Crawler  
  69  5:33  Spore Crawler  
  66  5:36  Queen  
  66  5:40  Queen  
  70  5:59  Burrow  
  70  6:04  Drone x3  
  70  6:05  Overlord, Spore Crawler  
  70  6:06  Spore Crawler, Drone x3  
  70  6:08  Drone x2  
  75  6:12  Zergling x6  
  76  6:19  Lair  
  76  6:20  Zergling x6  
  79  6:27  Zergling x2  
  79  6:28  Zergling x10  
  79  6:31  Drone  
  86  6:33  Baneling x2  
  86  6:34  Baneling x2  
  86  6:37  Zergling x2  
  86  6:38  Zergling x2  
  88  6:40  Drone  
  88  6:42  Queen  
  91  6:49  Drone x2  
  91  6:51  Drone x2  
  91  6:52  Drone x2  
  91  7:01  Zergling x2  
  91  7:02  Zergling x10  
  91  7:04  Drone  
  91  7:06  Drone x3  
  101  7:10  Drone  
  102  7:18  Baneling x4  
  100  7:27  Drone x4  
  103  7:31  Overlord  
  103  7:32  Overlord  
  103  7:34  Overlord  
  103  7:36  Overlord, Infestation Pit, Hatchery  
  94  7:38  Roach  
  94  7:39  Roach x4  
  94  7:42  Zerg Melee Weapons Level 2, Spore Crawler  
  94  7:43  Centrifical Hooks  
  103  7:44  Hydralisk Den, Drone  
  103  7:47  Drone  
  103  7:49  Overlord  
  103  7:50  Extractor  
  103  7:56  Baneling x2, Drone  
  103  7:57  Drone  
  103  7:58  Drone x4  
  108  8:02  Drone  
  108  8:03  Drone x3  
  112  8:06  Overlord  
  111  8:12  Overseer  
  111  8:15  Muscular Augments  
  111  8:19  Drone  
  112  8:20  Drone x3  
  112  8:21  Extractor, Drone  
  112  8:23  Hive  
  112  8:26  Drone, Hydralisk x3  
  112  8:27  Extractor, Hydralisk x4  
  114  8:28  Zergling x4  
  129  8:34  Zergling x6  
  132  8:46  Zergling x20  
  132  8:47  Baneling, Ravager x2  
  132  8:48  Baneling x5, Ravager  
  145  8:49  Baneling x2  
  145  8:55  Hydralisk x2  
  149  8:56  Zergling x6  
  149  8:57  Zergling x8  
  149  9:02  Overlord x2, Hatchery  
  155  9:06  Overlord  
  155  9:08  Baneling x4  
  155  9:10  Baneling x2  
  155  9:11  Overlord  
  155  9:17  Overlord  
  155  9:23  Hydralisk x4  
  154  9:25  Zergling x2  
  154  9:26  Zergling x20  
  161  9:34  Hydralisk x2  
  161  9:38  Zergling x18  
  153  9:40  Hydralisk  
  153  9:43  Hydralisk  
  160  9:47  Hydralisk x2  
  149  9:57  Hydralisk x2  
  149  9:59  Zergling x6  
  139  10:00  Baneling x2  
  139  10:01  Baneling x2  
  139  10:04  Zergling x14  
  139  10:05  Baneling x5  
  143  10:08  Hydralisk  
  143  10:12  Adrenal Glands  
  145  10:16  Zergling x8  
  145  10:18  Baneling x3  
  145  10:19  Baneling  
  149  10:21  Hydralisk x2  
  152  10:29  Hydralisk x3  
  152  10:32  Zergling x2  
  152  10:33  Zergling x10  
  150  10:38  Hydralisk  
  150  10:40  Zergling x2  
  150  10:42  Ultralisk Cavern, Hydralisk  
  142  10:43  Zergling x4  
  143  10:51  Overlord  
  143  10:53  Zergling x10  
  143  10:54  Drone x3  
  143  10:55  Zerg Melee Weapons Level 3  
  151  11:02  Drone x3  
  154  11:06  Queen  
  154  11:10  Zergling x2  
  154  11:11  Zergling x14  
  164  11:13  Baneling x9  
  164  11:14  Overseer  
  164  11:19  Zergling x12  
  164  11:22  Zergling x4  
  164  11:23  Zergling x2  
  171  11:44  Chitinous Plating, Ultralisk x2  
  171  11:45  Overlord  
  179  11:59  Ultralisk x2  
  179  12:00  Zergling x12  
  185  12:02  Baneling x3  
  185  12:04  Zergling x4  
  185  12:14  Ultralisk x2  
  173  12:19  Zergling x2  
  173  12:22  Zergling x6  
  156  12:23  Zergling x20  
  156  12:24  Zergling x4  
  156  12:33  Zergling x6  
  156  12:34  Viper  
  163  12:37  Zergling x2  
  163  12:39  Hydralisk  
  163  12:42  Baneling x4  
  165  12:45  Zergling x4  
  165  12:46  Zergling x8  
  165  12:48  Hatchery  
  170  12:52  Ultralisk  
  170  12:53  Baneling x2  
  170  12:54  Zergling x2  
  170  12:55  Zergling x2  
  158  13:15  Zergling x2, Ultralisk x2  
  158  13:16  Zergling x20  
  164  13:29  Zergling x2  
  164  13:30  Zergling x10  
  164  13:32  Zergling x4  
  164  13:33  Zerg Ground Armor Level 1  
  165  13:36  Ultralisk  
  165  13:38  Zergling x18  
  165  13:39  Overlord x3  
  180  13:43  Baneling x4  
  180  13:44  Baneling  
  180  13:46  Zergling x8  
  174  13:58  Ultralisk x2  
  174  13:59  Zergling x2  
  174  14:00  Drone x3  
  174  14:02  Zergling x18  
  188  14:04  Baneling  
  188  14:05  Baneling x3  
  188  14:10  Zergling x2  
  188  14:11  Zergling x10  
  188  14:13  Baneling x9  
  194  14:22  Zergling x14  
  170  14:34  Ultralisk x2  
  170  14:36  Zergling x22  
  167  14:41  Ultralisk  
  167  14:42  Zergling x2  
  167  14:44  Baneling  
  167  14:45  Baneling  
  148  14:46  Baneling  
  148  14:51  Zergling x2  
  148  14:52  Zergling x8  
  140  14:57  Ultralisk  
  140  14:59  Zergling x2  
  145  15:00  Zergling x18  
  145  15:04  Zergling x2  
  145  15:07  Overseer x2  
  150  15:08  Zergling x2  
  150  15:09  Zergling x8  
  150  15:13  Zergling x2  
  141  15:19  Zergling x6  
  139  15:21  Baneling  
  139  15:22  Baneling x10  
  104  15:38  Zergling x22  
  100  15:53  Zergling x8  
  94  15:58  Overseer  
  94  16:04  Zergling x10  
  81  16:20  Hatchery  
  81  16:24  Ultralisk x2  
  92  16:26  Baneling x2  
  90  16:41  Baneling x3  
  81  16:58  Ultralisk x2  
  89  17:02  Baneling  
  86  17:14  Ultralisk  
  92  17:23  Baneling x2  
  91  17:31  Zergling x14  
Tags
 
Add a new tag
Caveats
  • Supply blocks, unpowered buildings, or Contaminate may cause inaccurate times.
  • Supply counts are checked every 10 seconds.